Map: Blackpink LE

Players

Serral

  • Race: Zerg Zerg
  • Spawn Location: 1:00

Trap - Winner!

  • Race: Protoss Protoss
  • Spawn Location: 7:00

Event: IEM Season 12 - Katowice

VOD

Have the link to the VOD?

Description

Time

  • Played on: March 3, 2018, 11:14 a.m.
  • Length: 8:42

All games in this series

Show
View Real Time Build Order
Export as new Build Order

Serral Zerg 

Build Orders: Hatch First 

Get SALT Encoding   

  12  0:00  Drone  
  13  0:12  Overlord  
  13  0:17  Drone  
  14  0:31  Drone x2  
  16  0:49  Hatchery  
  15  0:52  Drone  
  15  0:55  Drone  
  17  1:11  Spawning Pool  
  17  1:13  Extractor  
  17  1:14  Drone  
  16  1:19  Drone  
  16  1:22  Drone  
  18  1:28  Drone  
  19  1:39  Overlord  
  19  1:50  Drone  
  20  1:57  Queen  
  20  2:00  Zergling x2  
  23  2:01  Queen  
  23  2:02  Zergling x2  
  26  2:11  Drone  
  26  2:12  Metabolic Boost  
  26  2:14  Drone  
  28  2:22  Drone  
  29  2:26  Drone  
  30  2:37  Hatchery  
  30  2:44  Queen  
  29  2:48  Overlord  
  31  2:51  Drone  
  31  2:54  Drone  
  31  2:56  Drone  
  34  3:01  Drone x2  
  36  3:09  Drone x2, Overlord  
  36  3:12  Zergling x2  
  39  3:14  Drone  
  39  3:16  Drone  
  41  3:22  Queen  
  41  3:26  Overlord  
  43  3:30  Overlord  
  43  3:32  Drone  
  44  3:38  Drone x2  
  44  3:39  Drone x2  
  48  3:49  Spore Crawler  
  48  3:50  Drone x4  
  48  3:54  Zergling x2  
  48  3:55  Zergling x2  
  52  3:58  Spore Crawler  
  51  4:09  Baneling Nest  
  50  4:10  Evolution Chamber, Zergling x4  
  50  4:12  Drone x2  
  50  4:14  Queen  
  55  4:18  Drone x2  
  55  4:19  Drone  
  55  4:21  Drone  
  55  4:23  Overlord  
  59  4:25  Drone  
  59  4:29  Drone x3  
  62  4:34  Drone x2  
  62  4:35  Drone  
  64  4:39  Zerg Melee Weapons Level 1  
  64  4:41  Overlord  
  64  4:43  Zergling x2  
  64  4:47  Zergling x6  
  67  4:54  Baneling x2  
  67  4:55  Baneling x2  
  67  4:57  Zergling x4  
  69  5:00  Zergling x8  
  69  5:01  Drone x2  
  69  5:02  Drone  
  69  5:04  Drone  
  69  5:06  Drone  
  77  5:08  Drone  
  78  5:16  Drone x2  
  78  5:20  Lair  
  80  5:23  Extractor, Zergling x6  
  80  5:24  Overlord x2, Extractor  
  81  5:29  Baneling, Extractor, Overlord  
  81  5:31  Overlord  
  81  5:32  Overlord  
  81  5:33  Drone x2  
  81  5:35  Baneling  
  82  5:37  Overlord  
  81  5:43  Zergling x6  
  81  5:46  Zergling x2  
  81  5:49  Zergling x2  
  86  5:52  Zergling x2  
  86  5:53  Baneling x2  
  86  5:54  Zergling x4  
  86  5:55  Zergling x2  
  90  5:59  Hatchery  
  90  6:02  Drone  
  90  6:03  Drone x5  
  92  6:06  Drone x2  
  92  6:09  Drone  
  87  6:12  Drone  
  87  6:14  Drone x2  
  88  6:19  Centrifical Hooks  
  88  6:21  Drone, Hydralisk Den  
  88  6:24  Drone x2  
  90  6:31  Extractor  
  90  6:32  Extractor  
  88  6:33  Drone x3  
  88  6:34  Drone x2  
  88  6:38  Overlord  
  93  6:41  Zergling x2  
  93  6:42  Zergling x2  
  93  6:43  Pneumatized Carapace  
  94  6:47  Zergling x2  
  94  6:48  Zergling x8  
  98  6:54  Grooved Spines  
  96  7:04  Zergling x8  
  96  7:05  Drone x4  
  96  7:06  Drone  
  102  7:12  Queen  
  102  7:13  Hydralisk x3  
  110  7:18  Baneling x8  
  110  7:19  Zergling x2  
  110  7:20  Zergling x4  
  113  7:35  Baneling x2  
  109  7:46  Zergling x24  
  103  7:55  Queen x2  
  103  7:57  Hydralisk x3  
  103  7:58  Zergling x6  
  110  8:00  Zergling x2  
  110  8:01  Zergling x4  
  110  8:09  Baneling x4  
  110  8:11  Baneling x5  
  105  8:14  Zergling x4  
  107  8:23  Zergling x4  
  107  8:31  Hatchery  
Show
View Real Time Build Order
Export as new Build Order

Trap Protoss - Winner!

Build Orders: 1 Gate Expand, Oracle Opening, Phoenix Opening 

Get SALT Encoding   

  12  0:00  Probe  
  13  0:12  Probe  
  14  0:19  Pylon  
  14  0:25  Probe  
  15  0:37  Probe (Chrono Boost)  
  16  0:45  Gateway  
  16  0:47  Probe (Chrono Boost)  
  17  0:52  Probe (Chrono Boost)  
  17  0:53  Assimilator  
  18  1:03  Probe  
  19  1:15  Probe  
  20  1:25  Nexus  
  20  1:35  Cybernetics Core  
  20  1:38  Probe  
  21  1:45  Assimilator  
  21  1:50  Probe  
  21  1:53  Pylon  
  22  2:02  Probe  
  23  2:10  Adept (Chrono Boost)  
  23  2:15  Probe  
  26  2:19  Stargate  
  26  2:27  Probe (Chrono Boost)  
  26  2:28  Warp Gate  
  27  2:32  Adept  
  29  2:39  Probe x2 (Chrono Boost)  
  30  2:48  Probe x2 (Chrono Boost)  
  32  2:53  Probe x2 (Chrono Boost)  
  34  3:03  Phoenix (Chrono Boost)  
  34  3:05  Probe x2  
  38  3:07  Adept  
  40  3:12  Pylon  
  40  3:17  Probe x2  
  42  3:22  Oracle  
  45  3:29  Probe  
  45  3:30  Probe  
  45  3:31  Gateway  
  47  3:38  Gateway  
  47  3:45  Twilight Council  
  47  3:47  Probe (Chrono Boost)  
  47  3:48  Probe (Chrono Boost)  
  49  3:51  Pylon  
  49  3:59  Probe (Chrono Boost)  
  51  4:05  Probe (Chrono Boost), Pylon  
  51  4:08  Probe (Chrono Boost)  
  52  4:12  Probe (Chrono Boost)  
  52  4:14  Probe  
  52  4:15  Assimilator  
  52  4:16  Assimilator  
  54  4:22  Resonating Glaives (Chrono Boost)  
  54  4:23  Probe  
  55  4:25  Pylon  
  55  4:36  Adept x3  
  61  4:39  Probe  
  61  4:44  Nexus  
  62  4:46  Pylon  
  62  4:56  Robotics Facility  
  62  5:03  Adept x3  
  68  5:12  Probe x2  
  70  5:22  Shield Battery  
  70  5:27  Adept x3  
  76  5:35  Gateway  
  76  5:36  Gateway  
  76  5:38  Gateway  
  76  5:47  Gateway  
  76  5:48  Warp Prism (Chrono Boost)  
  76  5:53  Gateway  
  78  5:57  Sentry x3  
  84  6:14  Immortal (Chrono Boost)  
  82  6:24  Probe x3  
  85  6:30  Adept, Sentry x2  
  85  6:31  Adept  
  93  6:32  Adept x2  
  93  6:38  Probe x3, Pylon  
  100  6:40  Pylon  
  100  6:46  Observer (Chrono Boost)  
  101  7:09  Adept x4  
  101  7:10  Adept x4  
  101  7:13  Pylon  
  101  7:15  Pylon  
  117  7:17  Pylon  
  117  7:32  Adept x4  
  117  7:33  Adept x4  
  93  7:58  Adept x8  
  90  8:19  Adept x8  
  106  8:23  Pylon  
  106  8:25  Pylon  

Tags
 
Add a new tag
Caveats
  • Supply blocks, unpowered buildings, or Contaminate may cause inaccurate times.
  • Supply counts are checked every 10 seconds.